 Dungeon Sprint DCSS version 0.31-a0-1-g4198be8af4 (webtiles) character file.

Game seed: 17155087129818153532

14010 sircluck the Bludgeoner (level 12, -2/88 HPs)
             Began as a Gargoyle Fighter on May 2, 2023.
             Was a High Priest of Zin.
             Slain by a vampire knight
             ... wielding a +0 war axe
              (7 damage)
             ... while paralysed by a vampire knight
             ... in the Dungeon (Sprint VII: "The Pits").
             The game lasted 00:11:39 (3548 turns).

sircluck the Bludgeoner (Gargoyle Fighter)          Turns: 3548, Time: 00:11:40

Health: -2/88      AC: 35    Str: 23    XL:     12   Next: 12%
Magic:  12/12      EV:  2    Int: 11    God:    Zin [*****.]
Gold:   13         SH:  0    Dex:  9    Spells: 11/11 levels left

rFire   . . .        s - +1 flail (protect)
rCold   . . .        H - +0 kite shield
rNeg    + . .        w - +4 chain mail
rPois   ∞            (no helmet)
rElec   +            (no cloak)
rCorr   .            (no gloves)
SInv    .            A - +0 pair of boots
Will    .....        (no amulet) Stlth
                     (no ring)
HPRegen 0.34/turn    (no ring)
MPRegen 0.13/turn

%: no teleportation
@: paralysed, under a protective aura
A: sickness immunity, AC +8, negative energy resistance 1, electricity
resistance, torment resistance 1, petrification resistance
a: Renounce Religion, Recite, Vitalisation, Imprison, Sanctuary, Donate Gold


You were in the Dungeon.
You worshipped Zin.
Zin was extremely pleased with you.
You visited 1 branch You collected 14 gold pieces.
You donated 1 gold pieces to Zin.

Inventory:

Hand Weapons
 a - a +0 flail
 j - a +3 mace
 o - a +2 mace
 p - a +0 flail of protection
 s - a +1 flail of protection (weapon)
 z - a +2 heavy morningstar
Missiles
 n - 2 stones (quivered)
 I - 4 javelins
 K - 4 poisoned darts
Armour
 b - a +0 scale mail
 c - a +0 buckler
 q - a +2 plate armour
 r - a +3 chain mail
 v - a +5 ring mail
 w - a +4 chain mail (worn)
 A - a +0 pair of boots (worn)
 H - a +0 kite shield (worn)
Jewellery
 t - a +3 ring of evasion
 y - a +3 ring of strength
 G - a ring of protection from fire
 J - an amulet of guardian spirit
Wands
 F - a wand of roots (21)
Scrolls
 l - 5 scrolls of amnesia
 m - a scroll of summoning
 B - 6 scrolls of enchant armour
 C - 2 scrolls of identify
 E - a scroll of fog
Potions
 d - 3 potions of might
 e - 8 potions of curing
 f - 14 potions of heal wounds
 g - 3 potions of haste
 h - 4 potions of magic
 k - 2 potions of invisibility
 u - a potion of resistance
 x - 2 potions of brilliance


   Skills:
 + Level 15.6 Fighting
 + Level 17.1 Maces & Flails
 + Level 1.7 Throwing
 + Level 15.7 Armour
 + Level 7.5 Dodging
 + Level 1.8 Stealth
 + Level 13.9 Shields
 + Level 0.1 Evocations


You had 11 spell levels left.
You didn't know any spells.
Your spell library was empty.

Dungeon Overview and Level Annotations

Branches:
Dungeon (1/1)

Altars:
Ashenzari
Cheibriados
Dithmenos
Elyvilon
Fedhas
Gozag
Hepliaklqana
Kikubaaqudgha
Makhleb
Nemelex Xobeh
Okawaru
Qazlal
Ru
Sif Muna
Trog
Uskayaw
Vehumet
Wu Jian
Xom
Yredelemnul
Zin
The Shining One
Jiyva
Lugonu


Innate Abilities, Weirdness & Mutations

You are immune to sickness and miasma.
Your stone body is resilient. (AC +8)
You are immune to poison.
You resist negative energy. (rN+)
You are resistant to electric shocks. (rElec)
You are resistant to unholy torment.
You are immune to petrification.


Message History

Look: a fire crab (heavily wounded, chance to affect: 90%)
As you read the scroll of fear, it crumbles to dust.
You assume a fearsome visage.
The fire crab easily resists.
The orc knight looks frightened!
The orc wizard looks frightened!
The orc warrior looks frightened!
The orc looks frightened!
The orc warrior looks frightened!
Something hits you but does no damage. Something bites you!
The orc wizard gestures wildly while chanting.
The orc wizard flickers and vanishes!
The fire crab bites you but does no damage.
The fire crab claws you but does no damage.
You sock the fire crab!
The fire crab is severely wounded.
Something hits you but does no damage. Something bites you.
You sock the fire crab!
The fire crab is almost dead.
Something hits you but does no damage. Something bites you but does no damage.
The fire crab bites you but does no damage.
The fire crab claws you but does no damage.
You barely miss the fire crab.
The fire crab is almost dead.
You hear some strange, mumbled words.
You suddenly lose the ability to move!
The fire crab breathes flames at you.
The blast of flame engulfs you but does no damage.
Something hits you! Something bites you but does no damage.
You are engulfed in blazing flames.
* * * LOW HITPOINT WARNING * * *
Something hits you but does no damage. Something bites you!
* * * LOW HITPOINT WARNING * * *
The fire crab breathes flames at you.
The blast of flame engulfs you but does no damage.
You are engulfed in blazing flames.
Something hits you but does no damage. Something bites you but does no damage.
The fire crab breathes flames at you. The blast of flame engulfs you.
* * * LOW HITPOINT WARNING * * *
Something hits you!
You die...

+..#....# +..........#
#o.........#
############..#....#..#
..........''..........#
..........'o..........#
########..##..#.°..#..#
#..##...°°°....+
+..##...{@°°...+
#..####'t####++#
#..####°o###
#..##......#
########..##.#'##.#
..........##o#. .#
..........##o'/[# # ..#
'###########.#/|+ Y.#
'###########.'")# ..#


You could see an orc knight (fleeing), a fire crab, 2 orc warriors and an orc
(strong).

Vanquished Creatures
  A dire elephant (D)
  2 catoblepae (D)
  A death yak (D)
  4 skeletal warriors (D)
  A shadow wraith (D)
  A spriggan druid (D)
  An orc knight (D)
  A phantasmal warrior (D)
  An orc sorcerer (D)
  A manticore (D)
  An unseen horror (D)
  A cane toad (D)
  A freezing wraith (D)
  A kobold demonologist (D)
  2 komodo dragons (D)
  A red devil (D)
  A guardian mummy (D)
  Grinder (D)
  A hornet (D)
  4 dream sheep (D)
  A jumping spider (D)
  A wraith (D)
  A ynoxinul (D)
  A water elemental (D)
  6 yaks (D)
  4 vampire mosquitoes (D)
  2 redbacks (D)
  An orc warrior (D)
  A sky beast (D)
  An ogre (D)
  A centaur (D)
  A small abomination (D)
  A kobold brigand (D)
  A bullfrog (D)
  A gnoll sergeant (D)
  3 scorpions (D)
  3 wights (D)
  A crimson imp (D)
  A quasit (D)
  A gnoll bouda (D)
  3 orc priests (D)
  An iguana (D)
  An orc wizard (D)
  A mummy (D)
  8 gnolls (D)
  2 adders (D)
  2 river rats (D)
  2 white imps (D)
  An ufetubus (D)
  An adder zombie (D)
  6 orcs (D)
  2 ball pythons (D)
  4 bats (D)
  A hobgoblin (D)
  2 jackals (D)
  A quokka (D)
  A giant cockroach simulacrum (D)
100 creatures vanquished.

Notes
Turn   | Place    | Note
-------+----------+-------------------------------------------
     0 | D        | sircluck the Gargoyle Fighter began the quest for the Orb.
     0 | D        | Reached XP level 1. HP: 14/14 MP: 1/1
    47 | D        | Found a bloodstained altar of Trog.
    47 | D        | Found a shimmering blue altar of Sif Muna.
    47 | D        | Found a viscous altar of Jiyva.
    47 | D        | Found a hazy altar of Hepliaklqana.
    47 | D        | Found an opulent altar of Gozag.
    48 | D        | Found a glowing golden altar of the Shining One.
    48 | D        | Found a glowing silver altar of Zin.
    48 | D        | Found a basalt altar of Yredelemnul.
    48 | D        | Found a shimmering altar of Xom.
    48 | D        | Found an ornate altar of the Wu Jian Council.
    48 | D        | Found a sacrificial altar of Ru.
    48 | D        | Found a stormy altar of Qazlal.
    48 | D        | Found an iron altar of Okawaru.
    48 | D        | Found a sparkling altar of Nemelex Xobeh.
    48 | D        | Found a burning altar of Makhleb.
    48 | D        | Found a blossoming altar of Fedhas.
    48 | D        | Found a white marble altar of Elyvilon.
    48 | D        | Found a shadowy altar of Dithmenos.
    48 | D        | Found a snail-covered altar of Cheibriados.
    50 | D        | Found a radiant altar of Vehumet.
    50 | D        | Found a corrupted altar of Lugonu.
    51 | D        | Found a hide-covered altar of Uskayaw.
    51 | D        | Found an ancient bone altar of Kikubaaqudgha.
    51 | D        | Found a broken altar of Ashenzari.
   128 | D        | Became a worshipper of Zin the Law-Giver
   157 | D        | Reached XP level 2. HP: 17/20 MP: 2/2
   186 | D        | Noticed a scorpion
   194 | D        | Killed a scorpion
   195 | D        | Reached skill level 5 in Fighting
   195 | D        | Reached skill level 4 in Maces & Flails
   195 | D        | Reached skill level 5 in Armour
   195 | D        | Reached skill level 5 in Shields
   195 | D        | Reached XP level 3. HP: 18/26 MP: 3/3
   195 | D        | Reached XP level 4. HP: 22/31 MP: 4/4
   329 | D        | Reached skill level 5 in Maces & Flails
   332 | D        | Reached XP level 5. HP: 27/36 MP: 5/5
   377 | D        | Reached skill level 6 in Maces & Flails
   383 | D        | Reached skill level 7 in Maces & Flails
   383 | D        | Reached skill level 1 in Dodging
   383 | D        | Reached XP level 6. HP: 25/42 MP: 6/6
   387 | D        | Reached skill level 8 in Maces & Flails
   454 | D        | Reached skill level 9 in Maces & Flails
   539 | D        | Noticed a jumping spider
   635 | D        | Killed a jumping spider
   636 | D        | Reached skill level 10 in Maces & Flails
   636 | D        | Reached XP level 7. HP: 34/48 MP: 7/7
   693 | D        | Noticed Grinder
   693 | D        | Noticed a yak
   693 | D        | Noticed a yak
   693 | D        | Noticed a yak
   693 | D        | Noticed a yak
   693 | D        | Noticed a yak
   693 | D        | Noticed a yak
   711 | D        | Killed a yak
   712 | D        | Reached skill level 11 in Maces & Flails
   724 | D        | Killed a yak
   725 | D        | Reached skill level 10 in Armour
   725 | D        | Reached XP level 8. HP: 35/54 MP: 8/8
   736 | D        | Killed a yak
   737 | D        | Reached skill level 12 in Maces & Flails
   747 | D        | Killed a yak
   764 | D        | Killed a yak
   776 | D        | Killed a yak
   777 | D        | Reached skill level 13 in Maces & Flails
   800 | D        | Killed Grinder
   800 | D        | Reached * piety under Zin
   801 | D        | Reached XP level 9. HP: 24/61 MP: 9/9
  1042 | D        | Noticed a komodo dragon
  1059 | D        | Killed a komodo dragon
  1103 | D        | Noticed a freezing wraith
  1103 | D        | Noticed a komodo dragon
  1115 | D        | Reached skill level 10 in Fighting
  1115 | D        | Reached skill level 14 in Maces & Flails
  1126 | D        | Reached ** piety under Zin
  1156 | D        | Killed a freezing wraith
  1169 | D        | Killed a komodo dragon
  1356 | D        | Reached *** piety under Zin
  1357 | D        | Reached skill level 1 in Throwing
  1357 | D        | Reached XP level 10. HP: 68/68 MP: 10/10
  1357 | D        | Noticed an orc sorcerer
  1357 | D        | Paralysed by an orc sorcerer for 4 turns
  1372 | D        | Killed a shadow wraith
  1373 | D        | Reached skill level 15 in Maces & Flails
  1373 | D        | Reached skill level 10 in Shields
  1388 | D        | Killed an orc sorcerer
  1611 | D        | Noticed a phantasmal warrior
  1628 | D        | Killed a phantasmal warrior
  1629 | D        | Reached skill level 5 in Dodging
  1768 | D        | Noticed a catoblepas
  1800 | D        | Killed a catoblepas
  1818 | D        | Noticed a kobold demonologist
  1823 | D        | Killed a kobold demonologist
  1900 | D        | Noticed a skeletal warrior
  1901 | D        | Noticed a skeletal warrior
  1935 | D        | Killed a skeletal warrior
  1936 | D        | Reached XP level 11. HP: 35/77 MP: 11/11
  1960 | D        | Killed a skeletal warrior
  1961 | D        | Reached skill level 16 in Maces & Flails
  2087 | D        | Noticed an orc knight
  2129 | D        | Killed an orc knight
  2268 | D        | Noticed a skeletal warrior
  2268 | D        | Noticed a skeletal warrior
  2300 | D        | Killed a skeletal warrior
  2300 | D        | Reached **** piety under Zin
  2301 | D        | Reached skill level 1 in Stealth
  2318 | D        | Killed a skeletal warrior
  2595 | D        | Noticed a death yak
  2662 | D        | Killed a death yak
  2663 | D        | Reached skill level 15 in Armour
  2670 | D        | Reached ***** piety under Zin
  2786 | D        | Noticed a catoblepas
  2801 | D        | Killed a catoblepas
  2802 | D        | Reached skill level 15 in Fighting
  3130 | D        | Noticed a spriggan druid
  3130 | D        | Noticed a manticore
  3136 | D        | Noticed a dire elephant
  3139 | D        | Killed a spriggan druid
  3144 | D        | Killed a manticore
  3145 | D        | Reached skill level 17 in Maces & Flails
  3145 | D        | Reached XP level 12. HP: 33/88 MP: 12/12
  3327 | D        | Killed a dire elephant
  3520 | D        | Noticed a vampire knight
  3546 | D        | Paralysed by something for 2 turns
  3548 | D        | Slain by a vampire knight

Illustrated notes

Levels and vault maps discovered:
D:        pitsprint [storerooms_1, entrance_room_1, metal_vault_3, armoury_1,
          mini_pit_1, grid_room_1, main_hall_1, silver_pit, the_coven_1,
          the_vestibule_1, steel_vault_4, golden_pit, hallway_of_sentries,
          crystal_vault_4, iron_vault_3, final_vault]

Skill      XL: |  1  2  3  4  5  6  7  8  9 10 11 |
---------------+----------------------------------+-----
Fighting       | 4 5 6 7 8 9 10 12 15 | 15.6
Armour         | 4 5 6 7 9 10 11 13 15 | 15.7
Shields        | 4 5 6 7 8 9 11 13 | 13.9
Maces & Flails | 4 5 7 10 11 13 14 15 17 | 17.1
Dodging        | 1 2 3 6 7 |  7.5
Throwing       | 1 |  1.7
Stealth        | 1 |  1.8
Evocations     | |  0.1

Action                     |  1- 3 |  4- 6 |  7- 9 | 10-12 || total
---------------------------+-------+-------+-------+-------++-------
  Melee: Flail             |    29 |    97 |   214 |   413 ||   753
  Throw: Stone             |       |     2 |     2 |     4 ||     8
  Evoke: Wand              |       |       |       |     2 ||     2
    Use: Potion            |       |       |     4 |     8 ||    12
         Scroll            |       |       |     1 |     3 ||     4
 Armour: Scale mail        |    25 |     4 |       |       ||    29
         Chain mail        |       |    50 |   135 |   307 ||   492
  Dodge: Dodged            |    27 |    35 |    92 |   121 ||   275
  Block: Buckler           |     5 |    20 |    54 |   100 ||   179
         Kite shield       |       |       |       |    32 ||    32

Table legend: (Time is in decaauts)
 A = Elapsed time spent in this place.
 B = Non-inter-level travel time spent in this place.
 C = Inter-level travel time spent in this place.
 D = Time resting spent in this place.
 E = Time spent auto-exploring this place.
 F = Levels seen in this place.
 G = Mean time per level.
                   A        B        C        D        E       F      G
               +--------+--------+--------+--------+--------+-----+--------+
         Total |   3426 |   3424 |      2 |   1258 |   1051 |   1 | 3426.0 |
       Dungeon |   3426 |   3424 |      2 |   1258 |   1051 |   1 | 3426.0 |
               +--------+--------+--------+--------+--------+-----+--------+

Top non-repeatable levels by time:
       D: 3426 daAuts
